 Dungeon Crawl Stone Soup version 0.29.0-4-gdea44cf6ec (webtiles) character file.

Game seed: 8575066736101436170

107 qw the Sneak (level 4, 0/28 HPs)
             Began as a Gargoyle Delver on Sept 10, 2022.
             Killed by divine providence
             ... invoked by an orc priest
              (17 damage)
             ... on level 3 of the Dungeon.
             The game lasted 00:01:11 (3103 turns).

qw the Sneak (Gargoyle Delver)                      Turns: 3103, Time: 00:01:11

Health: 0/28       AC:  8    Str: 18    XL:     4   Next: 86%
Magic:  4/4        EV: 11    Int: 10    God:
Gold:   123        SH:  0    Dex: 11    Spells: 3/3 levels left

rFire   + . .      SeeInvis .   Y - +2 hand axe
rCold   + . .      Faith    .   (no shield)
rNeg    + . .      Spirit   .   l - +0 ring mail
rPois   inf        Reflect  .   (no helmet)
rElec   +          Harm     .   c - scarf {rC+ rF+}
rCorr   .          Rampage  .   (no gloves)
Will    .....                   (no boots)
Stlth   ++........              (no amulet)
HPRegen 0.09/turn               (no ring)
MPRegen 0.09/turn               (no ring)

@: no status effects
A: sickness immunity, AC +3, negative energy resistance 1, electricity
resistance, torment resistance 1, petrification resistance
a: no special abilities


You were on level 3 of the Dungeon.
You visited 1 branch of the dungeon, and saw 5 of its levels.

You collected 123 gold pieces.


Innate Abilities, Weirdness & Mutations

You are immune to sickness and miasma.
Your stone body is resilient. (AC +3)
You are immune to poison.
You resist negative energy. (rN+)
You are resistant to electric shocks. (rElec)
You are resistant to unholy torment.
You are immune to petrification.


   Skills:
 - Level 3.2 Fighting
 + Level 4.3 Axes
 - Level 1.0 Armour
 - Level 1.5 Dodging
 - Level 5.4 Stealth


You had 3 spell levels left.
You didn't know any spells.
Your spell library was empty.

Inventory:

Hand Weapons
 a - a +0 whip
 Y - a +2 hand axe (weapon)
Armour
 c - a scarf of resistance (worn)
 l - a +0 ring mail (worn)
Wands
 g - a wand of digging (3)
Scrolls
 h - 2 scrolls of identify
Potions
 b - a potion of heal wounds
 d - a potion of curing {unknown}
 e - a potion of degeneration {unknown}
 f - a potion of haste

Dungeon Overview and Level Annotations

Branches:
Dungeon (5/15)
 Temple: D:4-7

Altars:

Annotations:
D:2 1 runed translucent door, Crazy Yiuf


Message History

You barely miss the orc. The orc hits you but does no damage.
You hit the orc.
The orc is heavily wounded.
The orc hits you from afar with a +0 trident.
The orc hits you with a +0 dagger.
You barely miss the orc.
The orc is heavily wounded.
The orc hits you from afar with a +0 trident.
The orc hits you but does no damage.
You barely miss the orc.
The orc is heavily wounded.
The orc hits you but does no damage. The orc barely misses you.
You barely miss the orc.
The orc is heavily wounded.
The orc hits you but does no damage. x2
You hit the orc.
The orc is heavily wounded.
The orc hits you from afar with a +0 trident.
The orc closely misses you.
You barely miss the orc.
The orc is heavily wounded.
The orc hits you but does no damage. The orc hits you with a +0 dagger.
You hit the orc but do no damage.
The orc is heavily wounded.
The orc completely misses you. The orc hits you with a +0 dagger.
You hit the orc.
The orc is severely wounded.
The orc barely misses you. The orc hits you but does no damage. x3
You closely miss the orc.
The orc is severely wounded.
The orc closely misses you. The orc barely misses you.
You slash the orc!
You kill the orc!
The orc closely misses you.
An adder comes into view.
The orc priest mumbles some strange prayers to Beogh against you.
Beogh smites you!
Ouch! That really hurt!
You die...

#..# S# #..# .. #..#
#. #..# #. #..###
#.# #....## #o#
###.##..#######o####
................@..#
###.##....####..##.#
..#.##....# #.###.#
#.........####.##..#
...###......##.#..##
....##...##......##
.....##.#####...##
..<..##.# #...#
........ ........


You could see an orc priest, an adder (wandering) and an orc.

Vanquished Creatures
  4 adders
  2 worms (D:2)
  A dart slug (D:2)
  An orc (D:3)
  10 endoplasms
  2 giant cockroaches
  3 goblins
  4 hobgoblins
  4 jackals (D:1)
  7 kobolds
  2 quokkas (D:1)
  4 ball pythons
  5 bats
  A frilled lizard (D:2)
  8 rats
58 creatures vanquished.

Vanquished Creatures (others)
  3 plants (D:2)
3 creatures vanquished.

Grand Total: 61 creatures vanquished

Notes
Turn   | Place    | Note
-------+----------+-------------------------------------------
     0 | D:5      | qw the Gargoyle Delver began the quest for the Orb.
     0 | D:5      | Reached XP level 1. HP: 14/14 MP: 1/1
     0 | D:5      | 0 ||| qw: Version: 0.1-a-116-g5d60599
     0 | D:5      | 0 ||| qw: Game counter: 8599
     0 | D:5      | 0 ||| qw: Always use a shield: true
     0 | D:5      | 0 ||| qw: God list: Okawaru
     0 | D:5      | 0 ||| qw: Allow faded altars: false
     0 | D:5      | 0 ||| qw: Do Orc after D:15 true
     0 | D:5      | 0 ||| qw: Do second Lair branch before Depths: true
     0 | D:5      | 0 ||| qw: Lair rune preference: random
     0 | D:5      | 0 ||| qw: Plans: Normal
     0 | D:5      | 0 ||| PLANNING D:1-11
     4 | D:5      | 4 ||| DROPPING scroll of fog.
     5 | D:5      | 5 ||| DROPPING scroll of magic mapping.
     6 | D:5      | 6 ||| DROPPING scroll of fear.
   176 | D:3      | 176 ||| READING scroll labelled HIHOOBUSHO.
   219 | D:2      | Reached XP level 2. HP: 18/19 MP: 2/2
   353 | D:2      | 353 ||| Stepping ~*~*~tactically~*~*~ (stealth).
   363 | D:2      | Reached skill level 3 in Axes
   452 | D:2      | Reached XP level 3. HP: 19/23 MP: 3/3
   858 | D:2      | 858 ||| DRINKING 2 metallic purple potions.
   859 | D:2      | 859 ||| DROPPING potion of brilliance.
  1924 | D:1      | Reached XP level 4. HP: 24/28 MP: 4/4
  2055 | D:1      | 2055 ||| Stepping ~*~*~tactically~*~*~ (stealth).
  2056 | D:1      | 2056 ||| Stepping ~*~*~tactically~*~*~ (stealth).
  2217 | D:1      | 2217 ||| UPGRADING to scarf of resistance.
  2222 | D:1      | 2222 ||| UPGRADING to +0 ring mail.
  2232 | D:1      | 2232 ||| DROPPING +0 leather armour.
  2233 | D:1      | 2233 ||| READING scroll labelled KEMISCH YMUECE.
  2234 | D:1      | 2234 ||| READING 2 scrolls labelled WENUHIE WATYVUO.
  2235 | D:1      | 2235 ||| READING scroll of enchant weapon.
  2235 | D:1      | 2235 ||| ENCHANTING +1 hand axe.
  2236 | D:1      | 2236 ||| READING scroll labelled ISENISHRUEPI.
  2237 | D:1      | 2237 ||| READING 2 scrolls labelled CATOCA QYSIOCH.
  2238 | D:1      | 2238 ||| READING scroll labelled TUL OTAKUI.
  2239 | D:1      | 2239 ||| DRINKING 2 viscous amethyst potions.
  2291 | D:1      | 2291 ||| DROPPING scroll of poison.
  2292 | D:1      | 2292 ||| DROPPING potion of lignification.
  2325 | D:2      | 2325 ||| Stepping ~*~*~tactically~*~*~ (stealth).
  2336 | D:2      | 2336 ||| Stepping ~*~*~tactically~*~*~ (stealth).
  2339 | D:2      | 2339 ||| Stepping ~*~*~tactically~*~*~ (stealth).
  2429 | D:2      | Reached skill level 1 in Armour
  2554 | D:2      | 2554 ||| Stepping ~*~*~tactically~*~*~ (stealth).
  2556 | D:2      | 2556 ||| Stepping ~*~*~tactically~*~*~ (stealth).
  2558 | D:2      | 2558 ||| Stepping ~*~*~tactically~*~*~ (stealth).
  2828 | D:2      | Found a runed translucent door.
  2829 | D:2      | Noticed Crazy Yiuf
  2878 | D:2      | 2878 ||| DRINKING 2 red potions.
  2965 | D:3      | 2965 ||| FLEEEEING.
  2967 | D:3      | 2967 ||| Stepping ~*~*~tactically~*~*~ (stealth).
  3022 | D:3      | 3022 ||| Stepping ~*~*~tactically~*~*~ (stealth).
  3087 | D:3      | 3087 ||| Stepping ~*~*~tactically~*~*~ (hiding).
  3103 | D:3      | Killed from afar by an orc priest

Levels and vault maps discovered:
D:1:      dpeg_arrival_rooms_c, layout_loops_corners
D:2:      cheibrodos_old_hovel, layout_basic, uniq_crazy_yiuf_cottage
D:3:      layout_rooms, chequers_serial_rivers_marsh
D:4:      layout_basic, makhleb_blood_cavern_becter, serial_shops, shop,
          uniq_ijyb, uniq_natasha
D:5:      layout_gridville, amcnicky_altar_gilded, uniq_pikel

Skill      XL: |  1  2  3  4 |
---------------+-------------+-----
Axes           | 2 3 4 |  4.3
Armour         | 1 |  1.0
Fighting       | |  3.2
Dodging        | |  1.5
Stealth        | |  5.4

Action                   |  1- 3 |  4- 6 || total
-------------------------+-------+-------++-------
Melee: Hand axe          |   110 |    82 ||   192
  Use: Scroll            |     1 |     6 ||     7
       Potion            |     1 |     2 ||     3
 Stab: Sleeping          |     2 |       ||     2
Armor: Leather armour    |    36 |    14 ||    50
       Ring mail         |       |    23 ||    23
Dodge: Dodged            |    52 |    55 ||   107

Table legend:
 A = Non-vault XP
 B = Vault XP
 C = Vault XP percentage of total XP
 D = Non-vault monster count
 E = Vault monster count
 F = Vault count percentage of total count
                 A         B        C        D         E       F
            +---------+---------+-------+---------+---------+-------
      Total |     152 |       2 |   1.3 |      57 |       1 |   1.7
            +---------+---------+-------+---------+---------+-------
        D:1 |      50 |       0 |   0.0 |      28 |       0 |   0.0
        D:2 |      72 |       2 |   2.7 |      19 |       1 |   5.0
        D:3 |      30 |       0 |   0.0 |      10 |       0 |   0.0
            +---------+---------+-------+---------+---------+-------
